 Dungeon Crawl Stone Soup version 0.27-a0-79-gcaaa221d37 (webtiles) character file.

Game seed: 7534675281557143911

501 kae the Insei (level 7, -1/43 HPs)
             Began as an Octopode Transmuter on Jan 14, 2021.
             Splashed by a jelly's acid (8 damage)
             ... on level 5 of the Dungeon.
             The game lasted 00:04:04 (6121 turns).

kae the Insei (Octopode Transmuter)                 Turns: 6121, Time: 00:04:05

Health: -1/43      AC: -11   Str: 12    XL:     7   Next: 17%
Magic:  11/11      EV: 13    Int: 15    God:
Gold:   227        SH:  0    Dex: 12    Spells: 4/12 levels left

rFire    . . .     SeeInvis .     - Unarmed
rCold    . . .     Faith    .   (no shield)
rNeg     . . .     Spirit   .   (helmet restricted)
rPois    .         Reflect  .   (no amulet)
rElec    .         Harm     .   (no ring)
rCorr    .         Rampage  .   (no ring)
Will     .....                  (no ring)
Stlth    ++........             (no ring)
HPRegen  0.14/turn              (no ring)
MPRegen  0.12/turn              (no ring)
                                (no ring)
                                (no ring)

@: corroded
A: almost no armour, stealthy swim, amphibious, 8 rings, constrict 8, camouflage
1, gelatinous body 1
a: no special abilities


You were on level 5 of the Dungeon.
You visited 2 branches of the dungeon, and saw 6 of its levels.

You collected 370 gold pieces.
You spent 143 gold pieces at shops.

Inventory:

Scrolls
 c - 2 scrolls of identify
 d - a scroll of enchant weapon
 f - a scroll of noise {unknown}
 l - a scroll of remove curse
Potions
 a - 2 potions of curing
 b - 3 potions of lignification {unknown}
 e - 2 potions of invisibility {unknown}
 g - 3 potions of degeneration
 h - a potion of magic {unknown}
 i - a potion of flight {unknown}
 j - a potion of heal wounds
 k - a potion of ambrosia


   Skills:
 - Level 1.3 Fighting
 - Level 2.3 Dodging
 * Level 4.8 Unarmed Combat
 + Level 3.1 Spellcasting
 + Level 3.3 Transmutations
 * Level 2.5 Ice Magic
 * Level 3.9 Poison Magic


You had 4 spell levels left.
You knew the following spells:

 Your Spells              Type           Power        Failure   Level
a - Beastly Appendage     Tmut           24%          4%          1
b - Spider Form           Tmut/Pois      6%           14%         3
c - Ice Form              Ice/Tmut       11%          52%         4

Your spell library contained the following spells:

 Spells                   Type           Power        Failure   Level
 Wereblood                Tmut           12%          8%          2
 Blade Hands              Tmut           6%           80%         5


Dungeon Overview and Level Annotations

Branches:
Dungeon (5/15)             Temple (1/1) D:4

Altars:
Ashenzari
Dithmenos
Elyvilon
Gozag
Hepliaklqana
Kikubaaqudgha
Makhleb
Okawaru
Qazlal
Sif Muna
Uskayaw
Vehumet
Xom

Shops:
D:4 !

Annotations:
D:2 Terence


Innate Abilities, Weirdness & Mutations

You cannot wear most types of armour.
You are very stealthy in the water. (Stealth+)
You are amphibious.
You can wear up to eight rings at the same time.
You can use your tentacles to constrict eight enemies at once.
Your skin changes colour to match your surroundings (Stealth+).
Your rubbery body absorbs attacks. (AC +1, EV +1)


Message History

The jelly hits you.
You are splashed with acid!
You are too injured to fight recklessly!
You are too injured to fight recklessly!
You are too injured to fight recklessly!
You are too injured to fight recklessly!
You are too injured to fight recklessly!
You tentacle-slap the jelly. The acid corrodes you!
Your tentacles burn!
* * * LOW HITPOINT WARNING * * *
You pierce the jelly, but do no damage.
You squeeze the jelly.
The jelly is almost dead.
The jelly barely misses you.
You tentacle-slap the jelly but do no damage.
Your tentacles burn!
* * * LOW HITPOINT WARNING * * *
The jelly is almost dead.
Your tentacle spike disappears.
The jelly hits you.
* * * LOW HITPOINT WARNING * * *
You are splashed with acid!
You die...

#### #..##+##
####..@[).#
#..#.J#)(.#
####+#..#)##(..+
+........).#...#
#....##+#..#...#
##.#### #.######
#..# #.+ +..#
#.# #####.## #.#


You could see a jelly.

Vanquished Creatures
  A scorpion (D:4)
  2 howler monkeys
  A hound (D:5)
  An iguana (D:4)
  2 orc wizards
  3 worker ants (D:4)
  A hound skeleton (D:4)
  7 adders
  An ooze (D:4)
  2 worms (D:2)
  4 dart slugs
  A leopard gecko (D:3)
  5 orcs
  2 giant cockroaches
  18 goblins
  15 hobgoblins
  5 jackals
  3 ball pythons
  7 bats
  5 frilled lizards
  11 kobolds
  A quokka skeleton (D:4)
  7 rats
105 creatures vanquished.

Vanquished Creatures (others)
  A plant (D:5)
1 creature vanquished.

Grand Total: 106 creatures vanquished

Notes
Turn   | Place    | Note
-------+----------+-------------------------------------------
     0 | D:1      | kae the Octopode Transmuter began the quest for the Orb.
     0 | D:1      | Reached XP level 1. HP: 13/13 MP: 3/3
   257 | D:1      | Reached XP level 2. HP: 16/18 MP: 5/5
   726 | D:1      | Reached XP level 3. HP: 16/23 MP: 4/6
   735 | D:1      | Learned a level 3 spell: Spider Form
  1484 | D:2      | Found a white marble altar of Elyvilon.
  1530 | D:2      | Reached skill level 1 in Poison Magic
  1552 | D:2      | Reached XP level 4. HP: 28/28 MP: 5/7
  2006 | D:2      | Noticed an ice beast
  2598 | D:2      | Reached skill level 4 in Unarmed Combat
  2621 | D:2      | Noticed Terence
  2903 | D:3      | Reached XP level 5. HP: 32/33 MP: 6/8
  2981 | D:3      | Learned a level 4 spell: Ice Form
  3544 | D:3      | Found an opulent altar of Gozag.
  4047 | D:4      | Reached skill level 1 in Ice Magic
  4479 | D:4      | Reached XP level 6. HP: 38/38 MP: 8/10
  5072 | D:4      | Found a staircase to the Ecumenical Temple.
  5108 | Temple   | Entered the Ecumenical Temple
  5394 | D:4      | Found a shadowy altar of Dithmenos.
  5430 | D:4      | Found Idepiz's Distillery.
  5438 | D:4      | Bought a potion of heal wounds for 55 gold pieces
  5438 | D:4      | Bought a potion of ambrosia for 88 gold pieces
  5666 | D:5      | Entered Level 5 of the Dungeon
  5676 | D:5      | Reached XP level 7. HP: 34/43 MP: 11/11
  6121 | D:5      | Splashed by a jelly's acid

Illustrated notes

Levels and vault maps discovered:
D:1:      scummos_arrival_star, layout_basic
D:2:      layout_rooms, elyvilon_altar_5, minmay_misc_feat_rugged, uniq_terence
D:3:      layout_basic, nicolae_overflow_hidden_temple, guppyfry_early_lair_pool
D:4:      layout_basic, grunt_dithmenos_smoke, minmay_temple_entry_butterflies,
          serial_shops, nicolae_shop_waterfront
D:5:      corexii_shantytown, layout_rooms, lemuel_coloured_pillars_altar,
          basic_altar, minmay_statues_item, uniq_menkaure, uniq_duvessa
Temple:   compressed_dpeg_circular_temple

Skill      XL: |  1  2  3  4  5  6 |
---------------+-------------------+-----
Poison Magic   | 1 2 3 |  3.9
Unarmed Combat | 4 |  4.8
Ice Magic      | 1 2 |  2.5
Transmutations | 3 |  3.3
Spellcasting   | 3 |  3.1
Fighting       | |  1.3
Dodging        | |  2.3

Action                   |  1- 3 |  4- 6 |  7- 9 || total
-------------------------+-------+-------+-------++-------
Melee: Unarmed           |    63 |   142 |    39 ||   244
       Kick              |    18 |    21 |     5 ||    44
       Constrict         |    21 |    36 |     6 ||    63
       Tentacles         |    10 |    19 |     3 ||    32
       Punch             |     1 |     1 |       ||     2
 Cast: Beastly Appendage |    21 |    32 |     6 ||    59
       Spider Form       |       |     6 |       ||     6
  Use: Scroll            |       |     5 |       ||     5
       Potion            |       |     2 |       ||     2
 Stab: Sleeping          |     3 |     5 |       ||     8
Armor: Skin              |     2 |    15 |     2 ||    19
Dodge: Dodged            |    35 |   114 |    26 ||   175

Table legend: (Time is in decaauts)
 A = Elapsed time spent in this place.
 B = Non-inter-level travel time spent in this place.
 C = Inter-level travel time spent in this place.
 D = Time resting spent in this place.
 E = Time spent auto-exploring this place.
 F = Levels seen in this place.
 G = Mean time per level.
                   A        B        C        D        E       F      G
               +--------+--------+--------+--------+--------+-----+--------+
         Total |   6107 |   5944 |    163 |    964 |   4130 |   6 | 1017.8 |
       Dungeon |   6000 |   5858 |    142 |    964 |   4044 |   5 | 1200.0 |
        Temple |    106 |     86 |     20 |      0 |     86 |   1 |  106.0 |
               +--------+--------+--------+--------+--------+-----+--------+

Top non-repeatable levels by time:
     D:2: 1459 daAuts
     D:3: 1450 daAuts
     D:4: 1448 daAuts
     D:1: 1428 daAuts
     D:5: 213 daAuts
  Temple: 106 daAuts
